 Dungeon Crawl Stone Soup version 0.29-a0-1009-g60c99734e7 (webtiles) character file.

Game seed: 6054522738769151941

236000 nickcage the Shatterer (level 18, -3/178 HPs)
             Began as a Minotaur Monk on Aug 4, 2022.
             Was the Champion of the Shining One.
             Slain by an eldritch tentacle (14 damage)
             ... called by Wiilli's ghost
             ... on level 4 of the Swamp on Aug 8, 2022.
             The game lasted 03:06:31 (35634 turns).

nickcage the Shatterer (Minotaur Monk)             Turns: 35634, Time: 03:06:33

Health: -3/178     AC: 32    Str: 22    XL:     18   Next: 92%
Magic:  0/20       EV:  9    Int: 12    God:    the Shining One [******]
Gold:   2465       SH: 20    Dex: 15    Spells: 17/17 levels left

rFire   + + .      SeeInvis .   M - +6 morningstar (vorpal)
rCold   + + .      Faith    .   Z - +5 kite shield of Narcissism {rElec Slay+2 Stlth-}
rNeg    + + +      Spirit   .   J - +2 plate armour {rC+}
rPois   +          Reflect  .   A - +2 hat
rElec   +          Harm     .   P - +2 cloak
rCorr   .          Rampage  .   z - +1 pair of gloves "Wybb" {+Inv rC+}
Will    ++...      NoTele   +   O - +2 pair of boots of the Distant Future {-Tele Contam rN+++ Regen+}
Stlth   ..........              f - amulet of Micrinun {Regen+ Int+5}
HPRegen 1.99/turn               R - ring "Ottey" {rPois rF++ Slay+4}
MPRegen 0.17/turn               d - ring of willpower

@: glowing
A: horns 2, retaliatory headbutt
}: 1/15 runes: decaying
a: Renounce Religion, Evoke Invisibility, Divine Shield, Cleansing Flame, Summon
Divine Warrior, Brand Weapon With Holy Wrath


You were on level 4 of the Swamp.
You worshipped the Shining One.
The Shining One was exalted by your worship.
You visited 6 branches of the dungeon, and saw 29 of its levels.
You visited the Abyss 3 times.
You also visited: Ice Cave and Volcano.

You collected 3674 gold pieces.
You spent 1209 gold pieces at shops.

Inventory:

Hand Weapons
 F - a +2 eveningstar of electrocution
 M - a +6 vorpal morningstar (weapon)
Missiles
 w - 5 curare-tipped darts (quivered)
Armour
 z - the +1 pair of gloves "Wybb" (worn) {+Inv rC+}
   (You found it in a volcano)

   rC:        It protects you from cold.
   +Inv:      It lets you turn invisible.
 A - a +2 hat (worn)
 J - a +2 plate armour of cold resistance (worn)
 O - the +2 pair of boots of the Distant Future (worn) {-Tele Contam rN+++ Regen+}
   (You found it on level 1 of the Lair of Beasts)

   rN:        It renders you almost immune to negative energy.
   -Tele:     It prevents most forms of teleportation.
   Contam:    It causes magical contamination when unequipped.
   Regen:     It increases your rate of health regeneration.
 P - a +2 cloak (worn)
 Z - the +5 kite shield of Narcissism (worn) {rElec Slay+2 Stlth-}
   (You acquired it on level 3 of the Swamp)

   Slay:      It affects your accuracy & damage with ranged weapons and melee
   (+2).
   rElec:     It insulates you from electricity.
   Stlth:     It makes you less stealthy.
Jewellery
 d - a ring of willpower (right hand)
 e - an amulet of faith
 f - the amulet of Micrinun (around neck) {Regen+ Int+5}
   (You acquired it on level 13 of the Dungeon)

   [amulet of regeneration]

   Int:       It affects your intelligence (+5).
   Regen:     It increases your rate of health regeneration.
 G - the ring "Niwatt" {rElec rCorr Str+6}
   (You bought it in a shop on level 4 of the Dungeon)

   [ring of strength]

   Str:       It affects your strength (+6).
   rElec:     It insulates you from electricity.
   rCorr:     It protects you from acid and corrosion.
 L - a ring of flight
 R - the ring "Ottey" (left hand) {rPois rF++ Slay+4}
   (You took it off a deep elf death mage on level 3 of the Elven Halls)

   [ring of slaying]

   Slay:      It affects your accuracy & damage with ranged weapons and melee
   (+4).
   rF:        It greatly protects you from fire.
   rPois:     It protects you from poison.
Wands
 b - a wand of flame (68)
 r - a wand of digging (35)
 C - a wand of polymorph (13)
 D - a wand of mindburst (66)
 E - a wand of charming (9)
 H - a wand of iceblast (4)
Scrolls
 g - a scroll of fog
 i - 11 scrolls of teleportation
 s - 6 scrolls of blinking
 u - a scroll of enchant weapon
 y - 5 scrolls of fear
 I - 5 scrolls of poison
 N - a scroll of brand weapon
 Q - 6 scrolls of magic mapping
 Y - a scroll of summoning
Potions
 a - 3 potions of mutation
 c - 4 potions of ambrosia
 h - 6 potions of heal wounds
 n - 13 potions of curing
 p - 3 potions of berserk rage
 q - 4 potions of might
 t - 3 potions of flight
 v - a potion of cancellation
 K - 6 potions of haste
 S - 3 potions of resistance
Miscellaneous
 T - a piece from Xom's chessboard (15/15)
 X - a box of beasts


   Skills:
 + Level 19.6 Fighting
 + Level 23.7 Maces & Flails
 + Level 18.6 Armour
 + Level 4.5 Dodging
 - Level 1.5 Stealth
 - Level 20.0 Shields
 - Level 5.0 Invocations


You had 17 spell levels left.
You didn't know any spells.
Your spell library contained the following spells:

 Spells                   Type           Power      Damage    Failure   Level
 Beastly Appendage        Tmut           0%         N/A       97%         1
 Freeze                   Ice            0%         1d3       97%         1
 Sandblast                Erth           0%         2d4       97%         1
 Shock                    Conj/Air       0%         1d3       97%         1
 Summon Small Mammal      Summ           0%         N/A       97%         1
 Ensorcelled Hibernation  Hex/Ice        0%         N/A       99%         2
 Passwall                 Tmut/Erth      0%         N/A       99%         2
 Scorch                   Fire           0%         2d5       99%         2
 Static Discharge         Conj/Air       0%         3-3/arc   99%         2
 Sublimation of Blood     Necr           0%         N/A       99%         2
 Wereblood                Tmut           0%         N/A       99%         2
 Call Canine Familiar     Summ           0%         N/A       100%        3
 Confusing Touch          Hex            0%         N/A       100%        3
 Frozen Ramparts          Ice            0%         1d1       100%        3
 Gell's Gravitas          Tloc           0%         N/A       100%        3
 Ozocubu's Armour         Ice            0%         N/A       100%        3
 Spider Form              Tmut/Pois      0%         N/A       100%        3
 Stone Arrow              Conj/Erth      0%         3d7       100%        3
 Summon Guardian Golem    Hex/Summ       0%         N/A       100%        3
 Swiftness                Air            0%         N/A       100%        3
 Teleport Other           Tloc           0%         N/A       100%        3
 Airstrike                Air            0%         2d(0-16)  100%        4
 Anguish                  Hex/Necr       0%         N/A       100%        4
 Dispel Undead            Necr           0%         3d6       100%        4
 Flame Wave               Conj/Fire      0%         2d4       100%        4
 Hailstorm                Conj/Ice       0%         3d3       100%        4
 Ice Form                 Ice/Tmut       0%         N/A       100%        4
 Leda's Liquefaction      Hex/Erth       0%         N/A       100%        4
 Sticky Flame             Conj/Fire      0%         2d3       100%        4
 Alistair's Intoxication  Tmut/Pois      0%         N/A       100%        5
 Borgnjor's Vile Clutch   Necr/Erth      0%         N/A       100%        5
 Lee's Rapid Deconstruct  Erth           0%         3d5*      100%        5
 Lightning Bolt           Conj/Air       0%         1d11      100%        5
 Metabolic Englaciation   Hex/Ice        0%         N/A       100%        5
 Yara's Violent Unravell  Hex/Tmut       0%         3d3       100%        5
 Dispersal                Tloc           0%         N/A       100%        6
 Eringya's Noxious Bog    Tmut/Pois      0%         N/A       100%        6
 Simulacrum               Ice/Necr       0%         N/A       100%        6
 Statue Form              Tmut/Erth      0%         N/A       100%        6
 Summon Cactus Giant      Summ           0%         N/A       100%        6
 Enfeeble                 Hex            0%         N/A       100%        7
 Orb of Destruction       Conj           0%         9d5       100%        7
 Spellforged Servitor     Conj/Summ      0%         N/A       100%        7
 Summon Hydra             Summ           0%         N/A       100%        7
 Maxwell's Capacitive Co  Air            0%         ∞         100%        8


Dungeon Overview and Level Annotations

Branches:
Dungeon (14/15)            Temple (1/1) D:7            Lair (5/5) D:11
  Swamp (4/4) Lair:2        Snake (0/4) Lair:3        Slime (0/5) Lair:4
    Orc (2/2) D:10            Elf (3/3) Orc:2        Vaults (0/5) D:13
  IceCv (visited)         Volcano (visited)

Altars:
Ashenzari
Cheibriados
Dithmenos
Elyvilon
Fedhas
Gozag
Hepliaklqana
Kikubaaqudgha
Makhleb
Nemelex Xobeh
Okawaru
Qazlal
Ru
Sif Muna
Trog
Uskayaw
Vehumet
Wu Jian
Xom
Yredelemnul
Zin
The Shining One
Jiyva

Shops:
D:4 *=*(   D:6 *   D:10 (   D:13 (   D:14 *   Orc:2 [=:!   Elf:3 [([:

Annotations:
D:12 2 runed translucent doors, exclusion: orange crystal statue
Swamp:4 1 transporter
Elf:1 1 runed translucent door, rrossfarrar's ghost, adept FeBe


Innate Abilities, Weirdness & Mutations

You have a pair of horns on your head.
You reflexively headbutt those who attack you in melee.


Message History

The spriggan berserker is severely wounded.
You block the spriggan berserker's attack.
You block the spriggan rider's attack.
The spriggan rider hits you from afar with a +0 spear!
* * * LOW HITPOINT WARNING * * *
The eldritch tentacle slaps you but does no damage.
The eldritch tentacle claws you but does no damage.
You barely miss the spriggan berserker.
Your headbutt misses the spriggan berserker.
The spriggan berserker is severely wounded.
You block the spriggan berserker's attack.
The spriggan rider hits you from afar with a +0 spear!
* * * LOW HITPOINT WARNING * * *
You feel much better.
You block the spriggan berserker's attack.
You block the eldritch tentacle's attack.
The eldritch tentacle claws you!
* * * LOW HITPOINT WARNING * * *
The spriggan rider hits you but does no damage.
The spriggan rider hits you from afar with a +0 spear!
* * * LOW HITPOINT WARNING * * *
You block the spriggan berserker's attack.
The eldritch tentacle slaps you!
* * * LOW HITPOINT WARNING * * *
You feel your power leaking away.
The eldritch tentacle claws you but does no damage.
As you read the scroll of fear, it crumbles to dust.
You assume a fearsome visage.
The eldritch tentacle segment is unaffected.
The eldritch tentacle is unaffected.
The eldritch tentacle segment is unaffected. x2
The spriggan rider looks frightened!
The spriggan berserker is unaffected.
The spriggan rider resists with almost no effort.
You block the spriggan berserker's attack.
You block the spriggan rider's attack.
The eldritch tentacle barely misses you.
You furiously retaliate!
You headbutt the eldritch tentacle, but do no damage.
The eldritch tentacle claws you!
You die...

~§~~~~~..##.....# ##..~~~~~~.~~~~
~~§~~~...####..## #...~~§~~.).~~
~~§~~~..##.##..# ###..~~~~..~.~~
~~~.~~..#W.#≈.:i###.#..§~~~....~~
~~~~....#ii##)_i.§..#..~~~.~..~~~
~~~.~~..#......i##i.#..~~~<♣♣.~~~
~~~~~~..##....#≈#.i##..~~~.♣♣.~~~
~..§~~...#..*─###i.#...~~~~.♣~~~~
~♣....~..##...─w@###..~♣.~~..~..~
.~~..~§...###.©.###...~..~~~..♣.~
~....§~~....#####....~~.♣♣.~~....
.♣..~.~.♣♣....©(...♣♣..♣♣~♣♣♣..♣♣
~~...~~♣..~......♣♣♣♣♣♣♣♣♣♣ ♣♣♣♣
.~§.♣~~.~.~~.♣♣♣♣♣
.~÷÷♣~♣...~~~~♣ ....÷÷.~.~~~§.♣♣
.~§##.##~~~~~..♣♣ ♣♣♣♣♣


You could see an eldritch tentacle, 2 spriggan riders and a spriggan berserker
(berserk).

Vanquished Creatures
  A bone dragon (Abyss:3)
  Mlioglotl (Swamp:2)
  A lich (Abyss:2)
  A deep elf master archer (Elf:3)
  2 deep elf blademasters
  An Executioner (Abyss:3)
  The ghost of Wiilli the Convoker, an adept DESu of Hepliaklqana (Swamp:4)
  A thorn hunter (Swamp:4)
  A tentacled starspawn (Abyss:3)
  Kirke (Lair:5)
  Roxanne (Swamp:2)
  An azure jelly (IceCv)
  2 fenstrider witches
  Louise (Swamp:3)
  9 deep elf sorcerers (Elf:3)
  3 deep elf elementalists (Elf:3)
  An orc warlord (Orc:2)
  A stone giant (Volcano)
  5 deep elf demonologists (Elf:3)
  3 quicksilver oozes (IceCv)
  The ghost of Paumuiqi the Eclecticist, a journeyman DjCj of Ashenzari (Lair:3)
  An eleionoma (Swamp:1)
  A red draconian (Abyss:3)
  The ghost of audacious124 the Thaumaturge, a journeyman DsNe of Jiyva (Lair:5)
  2 bunyips
  A lorocyproca (Abyss:2)
  5 deep elf annihilators (Elf:3)
  7 deep elf death magi
  3 shambling mangroves
  3 deep elf high priests (Elf:3)
  20 hydras
  6 boulder beetles
  4 vault guards (D:13)
  2 centaur warriors
  An anaconda (shapeshifter) (Elf:1)
  7 alligators
  6 two-headed ogres
  3 catoblepae (Lair:5)
  A deep troll shaman (Lair:5)
  9 death yaks
  A tengu warrior (D:13)
  A vampire mage (Abyss:2)
  A hell hog (Abyss:3)
  38 dancing weapons
  19 deep elf knights
  7 orc high priests
  11 thrashing horrors
  2 spriggan berserkers (Swamp:4)
  A wretched star (Abyss:3)
  The ghost of audacious124 the Gusty, a novice TeAE of Vehumet (D:8)
  3 goliath frogs
  14 swamp dragons
  Pikel (D:8)
  4 bog bodies
  4 spriggan druids
  13 deep elf archers
  A lindwurm (Lair:5)
  31 deep elf pyromancers
  2 wizards
  22 deep elf zephyrmancers
  6 orc knights
  7 ugly things
  4 cyclopes
  9 orc sorcerers
  5 starcursed masses (Abyss:3)
  5 will-o-the-wisps
  13 elephants (Lair:5)
  2 worldbinders (Abyss:2)
  2 moths of wrath
  A torpor snail (Lair:5)
  Maurice (D:8)
  4 black mambas
  Joseph (Lair:1)
  An apocalypse crab (Abyss:2)
  A smoke demon (Abyss:2)
  2 molten gargoyles (Volcano)
  7 gargoyles
  13 cane toads
  An ice statue (IceCv)
  A rime drake (shapeshifter) (Elf:2)
  2 efreet
  A kobold demonologist (D:14)
  4 rime drakes
  Maggie (D:7)
  6 komodo dragons
  A hellwing (Abyss:2)
  3 tengu conjurers (D:14)
  6 trolls
  2 ancient zymes
  11 hornets
  A bloated husk (Swamp:2)
  A troll (shapeshifter) (D:11)
  Prince Ribbit (D:8)
  9 tyrant leeches
  10 blink frogs
  3 raiju (Abyss:2)
  5 large abominations
  3 dream sheep (Lair:5)
  15 slime creatures (IceCv)
  9 spriggans
  A ynoxinul (Abyss:3)
  5 air elementals
  5 water elementals (Elf:1)
  2 shadows
  A spectral black mamba (Lair:3)
  3 wraiths
  A spectral komodo dragon (Lair:3)
  2 wyverns
  4 fire elementals
  3 basilisks
  2 fire bats (Volcano)
  A human (D:13)
  A steam dragon (D:6)
  46 yaks
  Grum (D:7)
  15 vampire mosquitoes
  3 hogs (Lair:5)
  6 wargs
  A chaos spawn (Abyss:3)
  A neqoxec (Abyss:3)
  15 swamp worms
  A spectral cane toad (Lair:3)
  A hydra simulacrum (Lair:3)
  Menkaure (D:5)
  2 nagas (Lair:3)
  An acid dragon (D:8)
  19 water moccasins
  Duvessa (D:4)
  2 sky beasts
  11 swamp drakes
  61 orc warriors
  11 ogres
  5 black bears
  21 wolves
  2 ice beasts
  6 centaurs
  A phantom (D:5)
  3 slime creature simulacra (IceCv)
  6 kobold brigands
  5 necrophages
  Blork the orc (D:4)
  15 bullfrogs
  3 glowing shapeshifter simulacra (IceCv)
  5 scorpions
  9 earth elementals
  2 small abominations (Abyss:2)
  21 wights
  Dowan (D:4)
  15 killer bees
  3 electric eels
  6 lava snakes (Volcano)
  A crimson imp (D:11)
  A quasit (Abyss:2)
  5 jellies
  30 orc priests
  A gnoll bouda (D:10)
  An iron imp (Abyss:2)
  7 iguanas
  23 orc wizards
  A shapeshifter simulacrum (IceCv)
  3 gnolls (D:10)
  5 adders
  7 shadow imps
  3 white imps (D:6)
  4 ufetubi
  3 worms
  5 dart slugs
  126 orcs
  4 ball pythons
  3 bat zombies
  4 endoplasms
  3 giant cockroaches
  10 hobgoblins
  2 jackals (D:1)
  2 quokkas
  A ball python skeleton (D:2)
  9 bats
  3 frilled lizards
  7 goblins
  32 kobolds
  5 rats
  A rat zombie (D:8)
  A briar patch (Swamp:4)
1152 creatures vanquished.

Vanquished Creatures (collateral kills)
  An alligator (Swamp:2)
1 creature vanquished.

Vanquished Creatures (others)
  A hydra (Swamp:4)
  3 bloated husks
  A spriggan (Swamp:4)
  A swamp drake (Swamp:4)
  2 orc priests (Orc:2)
  2 orcs (Orc:2)
  2 briar patches (Swamp:4)
  2 demonic plants (D:6)
  30 foxfires
  17 fungi
  43 plants
  4 starspawn tentacles
108 creatures vanquished.

Grand Total: 1261 creatures vanquished

Notes
Turn   | Place    | Note
-------+----------+-------------------------------------------
     0 | D:1      | nickcage the Minotaur Monk began the quest for the Orb.
     0 | D:1      | Reached XP level 1. HP: 19/19 MP: 0/0
   236 | D:1      | Reached skill level 4 in Maces & Flails
   315 | D:1      | Reached XP level 2. HP: 27/27 MP: 1/1
   694 | D:1      | Found a faded altar of an unknown god.
  1092 | D:2      | Reached XP level 3. HP: 34/34 MP: 2/2
  1300 | D:2      | Found an iron altar of Okawaru.
  1863 | D:3      | Noticed a black bear
  1870 | D:3      | Killed a black bear
  1871 | D:3      | Reached skill level 5 in Fighting
  1871 | D:3      | Reached skill level 5 in Maces & Flails
  1871 | D:3      | Reached XP level 4. HP: 40/42 MP: 3/3
  1871 | D:3      | Reached XP level 5. HP: 46/48 MP: 4/4
  2369 | D:3      | Found a snail-covered altar of Cheibriados.
  2567 | D:4      | Reached skill level 6 in Maces & Flails
  2577 | D:4      | Found Cifam's General Store.
  2857 | D:4      | Found Riarim's Weapon Emporium.
  2878 | D:4      | Noticed a black bear
  2887 | D:4      | Killed a black bear
  2888 | D:4      | Reached skill level 7 in Maces & Flails
  2888 | D:4      | Reached XP level 6. HP: 34/56 MP: 5/5
  3089 | D:4      | Noticed Blork the orc
  3317 | D:4      | Found Imaxt's General Store.
  3343 | D:4      | Found Uxant's Jewellery Boutique.
  3535 | D:4      | Found Nuntuecwi's Assorted Antiques.
  3543 | D:4      | Bought a masterwork flail for 178 gold pieces
  3543 | D:4      | Identified the +6 flail "Qeydd" {drain, Contam Int+5
                  | Stlth+} (You bought it in a shop on level 4 of the Dungeon)
  3602 | D:4      | Noticed Duvessa
  3603 | D:4      | Killed Blork the orc
  3604 | D:4      | Reached skill level 8 in Maces & Flails
  3613 | D:4      | Noticed Dowan
  3621 | D:4      | Killed Duvessa
  3626 | D:4      | Killed Dowan
  3627 | D:4      | Reached XP level 7. HP: 39/61 MP: 6/6
  3838 | D:5      | Entered Level 5 of the Dungeon
  3847 | D:5      | Reached skill level 9 in Maces & Flails
  3864 | D:5      | Reached skill level 10 in Maces & Flails
  4089 | D:5      | Reached skill level 11 in Maces & Flails
  4089 | D:5      | Reached XP level 8. HP: 61/68 MP: 7/7
  4356 | D:5      | Noticed Menkaure
  4365 | D:5      | Killed Menkaure
  4571 | D:5      | Reached skill level 12 in Maces & Flails
  5780 | D:6      | Reached skill level 13 in Maces & Flails
  5854 | D:6      | Reached XP level 9. HP: 74/74 MP: 8/8
  5907 | D:6      | Reached skill level 14 in Maces & Flails
  6511 | D:6      | Reached skill level 1 in Armour
  6515 | D:6      | Found Docewam's CLEARANCE SALE!.
  6524 | D:6      | Bought a scroll of brand weapon for 38 gold pieces
  6524 | D:6      | Bought a scroll of identify for 8 gold pieces
  7368 | D:7      | Reached skill level 5 in Armour
  8128 | D:7      | Reached XP level 10. HP: 75/86 MP: 9/9
  8318 | D:7      | Noticed Maggie
  8328 | D:7      | Killed Maggie
  8463 | D:7      | Found a staircase to the Ecumenical Temple.
  8471 | Temple   | Entered the Ecumenical Temple
  8569 | Temple   | Became a worshipper of the Shining One
  8569 | Temple   | Reached * piety under the Shining One
  8569 | Temple   | Reached ** piety under the Shining One
  8843 | D:8      | Noticed Grum
  9031 | D:8      | Noticed Maurice
  9191 | D:7      | Killed Grum
  9250 | D:8      | Noticed Prince Ribbit
  9253 | D:8      | Noticed Pikel
  9269 | D:8      | Killed Pikel
  9283 | D:8      | Killed Prince Ribbit
  9300 | D:8      | Killed Maurice
  9506 | D:8      | Found a radiant altar of Vehumet.
  9534 | D:8      | Found a burning altar of Makhleb.
  9709 | D:8      | Found a transporter.
  9715 | D:8      | Found a transporter.
  9717 | D:8      | Noticed audacious124's ghost (novice TeAE)
  9808 | D:8      | Found an ancient bone altar of Kikubaaqudgha.
  9854 | D:8      | Noticed a moth of wrath
  9955 | D:8      | Reached skill level 10 in Fighting
  9955 | D:8      | Reached skill level 10 in Armour
 10503 | D:9      | Reached skill level 1 in Shields
 10529 | D:9      | Reached *** piety under the Shining One
 10565 | D:9      | Reached skill level 1 in Invocations
 10629 | D:9      | Reached XP level 11. HP: 61/100 MP: 10/10
 11700 | D:10     | Entered Level 10 of the Dungeon
 12052 | D:10     | Found a shimmering altar of Xom.
 12409 | D:10     | Found Beaficvec's Firing Range.
 12714 | D:10     | Found a staircase to the Orcish Mines.
 13382 | D:4      | Bought the ring "Niwatt" {rElec rCorr Str+6} for 611 gold
                  | pieces
 13590 | D:11     | Reached skill level 15 in Maces & Flails
 13941 | D:11     | Reached **** piety under the Shining One
 14657 | D:11     | Reached skill level 5 in Shields
 14686 | D:11     | Noticed a wizard
 14699 | D:11     | Killed a wizard
 14756 | D:11     | Noticed a four-headed hydra
 14757 | D:11     | Found a staircase to the Lair.
 14787 | D:11     | Killed a four-headed hydra
 14887 | D:11     | Noticed a boulder beetle
 14897 | D:11     | Killed a boulder beetle
 14898 | D:11     | Reached skill level 16 in Maces & Flails
 14956 | D:11     | Noticed a five-headed hydra
 14973 | D:11     | Killed a five-headed hydra
 14974 | D:11     | Reached XP level 12. HP: 100/110 MP: 13/13
 15239 | Lair:1   | Entered Level 1 of the Lair of Beasts
 15913 | Lair:1   | Reached skill level 10 in Shields
 16405 | Lair:1   | Noticed Joseph
 16428 | Lair:1   | Killed Joseph
 16679 | Lair:1   | Identified the +2 pair of boots of the Distant Future
                  | {-Tele Contam rN+++ Regen+}
 16980 | Lair:2   | Found a staircase to the Swamp.
 17115 | Lair:2   | Reached ***** piety under the Shining One
 17641 | Lair:3   | Reached XP level 13. HP: 118/118 MP: 15/15
 17774 | Lair:3   | Found a staircase to the Snake Pit.
 18085 | Lair:3   | Reached skill level 5 in Invocations
 18249 | Lair:3   | Found a runed translucent gate.
 18250 | Lair:3   | Found a runed translucent gate.
 18253 | Lair:3   | Found a runed translucent gate.
 18355 | Lair:3   | Noticed Paumuiqi's ghost (journeyman DjCj)
 18726 | Lair:4   | Reached skill level 17 in Maces & Flails
 18940 | Lair:4   | Found a runed translucent door.
 19152 | Lair:4   | Found a viscous altar of Jiyva.
 19152 | Lair:4   | Found a staircase to the Slime Pits.
 19234 | Lair:5   | Entered Level 5 of the Lair of Beasts
 19350 | Lair:5   | Found a runed translucent door.
 19358 | Lair:5   | Noticed audacious124's ghost (journeyman DsNe)
 19745 | Lair:5   | Noticed Kirke
 19857 | Lair:5   | Killed Kirke
 20026 | Lair:5   | Reached skill level 18 in Maces & Flails
 20100 | Lair:5   | Reached XP level 14. HP: 116/132 MP: 16/16
 20439 | Lair:5   | Identified the +9 shortbow "Beaham" {vorpal, rElec Str+2
                  | Int+2}
 20772 | Lair:5   | Killed audacious124's ghost
 20971 | Lair:3   | Killed Paumuiqi's ghost
 20972 | Lair:3   | Reached skill level 19 in Maces & Flails
 21183 | D:8      | Killed audacious124's ghost
 21406 | D:12     | Found a runed translucent door.
 21411 | D:12     | Found a runed translucent door.
 21582 | D:12     | Found a runed translucent door.
 21617 | D:12     | Found a runed translucent door.
 22211 | D:13     | Found Lianeum's Weapon Shop.
 22222 | D:13     | Reached skill level 20 in Maces & Flails
 22613 | D:13     | Reached ****** piety under the Shining One
 22887 | D:13     | Identified a scroll of acquirement
 22896 | D:13     | Acquired the amulet of Micrinun {Regen+ Int+5}
 22910 | D:13     | Found a gate to the Vaults.
 22968 | D:13     | Reached skill level 21 in Maces & Flails
 23470 | D:14     | Found Ydax's Gadget Gallery.
 23528 | D:14     | Reached XP level 15. HP: 139/139 MP: 17/17
 23541 | D:14     | Upgraded the game from 0.29-a0-997-gf6f7e2dfe7 to
                  | 0.29-a0-1009-g60c99734e7
 23921 | Orc:1    | Entered Level 1 of the Orcish Mines
 24023 | Orc:1    | Found a dark tunnel.
 24028 | Volcano  | Entered a volcano
 24206 | Volcano  | Found a radiant altar of Vehumet.
 24334 | Volcano  | Identified the +1 pair of gloves "Wybb" {+Inv rC+}
 24425 | Orc:2    | Entered Level 2 of the Orcish Mines
 24522 | Orc:1    | Found a frozen archway.
 24532 | IceCv    | Entered an ice cave
 24928 | IceCv    | Found a viscous altar of Jiyva.
 24928 | IceCv    | Noticed an azure jelly
 24942 | IceCv    | Killed an azure jelly
 24967 | IceCv    | Got the ring of False Pretenses {Ice *Corrode rN+ Str+4
                  | Int+3 Stlth+}
 25522 | Orc:2    | Reached skill level 15 in Armour
 25541 | Orc:2    | Found Xide Fal's Distillery.
 25574 | Orc:2    | Found Gueta's Book Boutique.
 25697 | Orc:2    | Reached skill level 15 in Shields
 26123 | Orc:2    | Found a staircase to the Elven Halls.
 26253 | Orc:2    | Paralysed by an orc sorcerer for 5 turns
 26270 | Orc:2    | Paralysed by an orc sorcerer for 2 turns
 26293 | Orc:2    | Noticed an orc warlord
 26329 | Orc:2    | Killed an orc warlord
 26365 | Orc:2    | Found Nilu's Antique Armour Boutique.
 26398 | Orc:2    | Bought a hat for 124 gold pieces
 26598 | Orc:2    | Found Ymal's Jewellery Emporium.
 26606 | Orc:2    | Bought a ring of willpower for 250 gold pieces
 26908 | Elf:1    | Entered Level 1 of the Elven Halls
 27025 | Elf:1    | Identified the +4 quarterstaff "Viloeda" {freeze, Dex+7}
 27143 | Elf:1    | Noticed rrossfarrar's ghost (adept FeBe)
 27149 | Elf:1    | Noticed an ancient champion
 27156 | Elf:1    | Found a runed translucent door.
 27230 | Elf:1    | Reached XP level 16. HP: 147/147 MP: 18/18
 27503 | Elf:1    | Reached skill level 15 in Fighting
 27913 | Elf:1    | HP: 2/149 [deep elf knight/lance of force (12)]
 28257 | Elf:2    | Paralysed by an air elemental for 1 turns
 28905 | Elf:2    | Paralysed by an air elemental for 1 turns
 28952 | Abyss:2  | Cast into level 2 of the Abyss (deep elf pyromancer)
 28957 | Abyss:2  | Found a corrupted altar of Lugonu.
 29064 | Abyss:2  | Noticed a lich
 29074 | Abyss:2  | Killed a lich
 29368 | Elf:2    | Escaped the Abyss
 29530 | Elf:2    | Found a shimmering blue altar of Sif Muna.
 29658 | Elf:2    | Found a runed translucent door.
 29717 | Elf:2    | Reached XP level 17. HP: 158/158 MP: 19/19
 29717 | Elf:2    | Found a huge runed translucent gate.
 29717 | Elf:2    | Found a huge runed translucent gate.
 29717 | Elf:2    | Found a huge runed translucent gate.
 29720 | Elf:2    | Found a huge runed translucent gate.
 29722 | Elf:2    | Found a huge runed translucent gate.
 29831 | Elf:2    | Reached skill level 22 in Maces & Flails
 30102 | Elf:2    | Noticed a deep elf blademaster
 30121 | Elf:2    | Killed a deep elf blademaster
 30134 | Abyss:3  | Found a corrupted altar of Lugonu.
 30134 | Abyss:3  | Cast into level 3 of the Abyss (+0 trident of distortion)
 30311 | Abyss:3  | Noticed a bone dragon
 30346 | Abyss:3  | Killed a bone dragon
 30368 | Elf:2    | Escaped the Abyss
 30822 | Elf:3    | Entered Level 3 of the Elven Halls
 30956 | Elf:3    | Found Qixaum's Antique Weapon Shop.
 30958 | Elf:3    | Found Otui's Book Boutique.
 30958 | Elf:3    | Found Tam Qou's Armour Shop.
 30962 | Elf:3    | Found Sougic's Antique Armour Boutique.
 31067 | Elf:3    | Paralysed by an air elemental for 1 turns
 31452 | Elf:3    | Noticed a deep elf master archer
 31461 | Elf:3    | Noticed a Brimstone Fiend
 31542 | Elf:3    | Killed a deep elf master archer
 31714 | Elf:3    | Identified the +6 war axe of Evisceration {antimagic, Str+4
                  | Int+4}
 31752 | Elf:3    | Noticed a deep elf blademaster
 31818 | Elf:3    | Killed a deep elf blademaster
 32014 | Abyss:3  | Cast into level 3 of the Abyss (a deep elf sorcerer)
 32024 | Abyss:3  | Reached XP level 18. HP: 171/171 MP: 20/20
 32046 | Elf:3    | Escaped the Abyss
 32096 | Elf:3    | Identified the ring "Ottey" {rPois rF++ Slay+4}
 32300 | Elf:3    | Found the +3 pair of mountain boots {steadfast, rC+}
 32329 | Elf:3    | Identified the +1 pair of boots of Ojomogo {Dex+5 Stlth+}
 33176 | Swamp:1  | Entered Level 1 of the Swamp
 33673 | Swamp:2  | Noticed Mlioglotl
 33684 | Swamp:2  | Killed Mlioglotl
 33778 | Swamp:2  | Reached skill level 23 in Maces & Flails
 33795 | Swamp:2  | Paralysed by a fenstrider witch for 5 turns
 33970 | Swamp:2  | Noticed Roxanne
 33987 | Swamp:2  | Killed Roxanne
 34660 | Swamp:3  | Noticed Louise
 34683 | Swamp:3  | Killed Louise
 34768 | Swamp:3  | Acquired the +5 kite shield of Narcissism {rElec Slay+2
                  | Stlth-}
 35093 | Swamp:4  | Entered Level 4 of the Swamp
 35387 | Swamp:4  | Noticed Wiilli's ghost (adept DESu)
 35399 | Swamp:4  | Found a transporter.
 35402 | Swamp:4  | Found a transporter.
 35421 | Swamp:4  | Found a bloodstained altar of Trog.
 35548 | Swamp:4  | Got a decaying rune of Zot
 35622 | Swamp:4  | Killed Wiilli's ghost
 35634 | Swamp:4  | Slain by an eldritch tentacle

Illustrated notes

Levels and vault maps discovered:
D:1:      spicycebolla_green_bress_n_ham, layout_loops_ring,
          basic_ecumenical_altar, minmay_misc_feat_alley, st_stairs_7,
          hangedman_decor_growths
D:2:      layout_basic, basic_altar, serial_undead, serial_undead_c,
          serial_undead_e, serial_undead_e, serial_undead_a
D:3:      layout_basic, mainiacjoe_overflow_cross_hatched,
          chequers_serial_rivers_room_a
D:4:      layout_loops_ring, serial_shops, nicolae_shop_trees, kennysheep_mini,
          nicolae_shop_advertising_works [nicolae_subvault_shop_adworks],
          nicolae_shop_waterfront, nicolae_shop_bloodbath_and_beyond,
          uniq_blork_the_orc, uniq_duvessa
D:5:      layout_basic, interstate_on_off, due_unseen_surprise, uniq_menkaure
D:6:      layout_rooms, serial_demonic, serial_demonic_b, serial_demonic_a,
          serial_demonic_f, serial_demonic_d, serial_demonic_d,
          nicolae_shop_clearance
D:7:      kennysheep_kobold_camp, layout_rooms, minmay_temple_entry_fiery,
          st_stairs_7, kennysheep_generic_room_2, uniq_maggie
D:8:      minmay_evil_eye, layout_basic, vehumet_crystals,
          mainiacjoe_overflow_24_doors, lemuel_zombie_altar_kikubaaqudgha,
          gammafunk_ghost_berserking_beasts, uniq_pikel, uniq_maurice,
          uniq_grum, uniq_prince_ribbit1
D:9:      layout_loops_cross
D:10:     layout_cross, tgw_xom, hiddenorc2_lemuel, nicolae_shop_firing_range
D:11:     layout_cave_pods, david_lair_shrubbed, lightli_wizard_tower
D:12:     layout_cave_pools, kennysheep_cross_bottleneck,
          minmay_statue_crystal_thing
D:13:     layout_irregular_city, grunt_vaults_entry_fortified, serial_shops,
          shop_fountains
D:14:     layout_basic, nicolae_shop_gadgets
Temple:   minmay_temple_bridge_d
Lair:1:   layout_roguey, eino_small_chamber_without_monster, st_stairs_3,
          beast_lair_carwin_1, grunt_megastairs_2, lemuel_fruit_tree,
          uniq_joseph
Lair:2:   layout_roguey, minmay_swamp_entry_swarm, nicolae_quartered_pool_medium
Lair:3:   layout_cave_pods, guppyfry_snake_entry_island,
          gammafunk_ghost_necromancy
Lair:4:   layout_hall_layers, slime_entry_2
Lair:5:   grunt_lair_end_beastmaster, layout_gridlike,
          hellmonk_ghost_happy_afterlife, serial_bayou_shore_a, uniq_kirke
Swamp:1:  layout_falls_marsh, evilmike_swamp_ruin_house_4
Swamp:2:  layout_basic_swamp, evilmike_swamp_ruin_rubble_1, swamp_pool1,
          infiniplex_staircase_pool, uniq_mlioglotl, uniq_roxanne
Swamp:3:  layout_basic_swamp, evilmike_swamp_ruin_house_6, swamp_pool5,
          nicolae_swamp_tree_designs, uniq_louise
Swamp:4:  swamp, layout_basic_swamp, gammafunk_ghost_wrathful_warriors,
          swamp_pool2
Orc:1:    layout_diamond_mine, enter_volcano_4, portal_ice_cave_entry_pillars_1
Orc:2:    pubby_orc_utopia
Elf:1:    minmay_slanted_spiral_squares, layout_geoelf_diagonals,
          hellmonk_ghost_big_iron, hangedman_corner_corridor
Elf:2:    elven_hall_of_blades_hangedman_alternative [grunt_blade_entry_basic],
          layout_rooms, basic_altar, minmay_strange_pillars,
          nicolae_danse_macabre
Elf:3:    minmay_elf_hall_spiked, layout_geoelf_castle, minmay_shoptagon

Skill      XL: |  1  2  3  4  5  6  7  8  9 10 11 12 13 14 15 16 17 18 |
---------------+-------------------------------------------------------+-----
Fighting       | 4 5 7 10 11 12 14 16 17 19 | 19.6
Maces & Flails | 4 5 7 8 11 13 14 16 18 21 22 23 | 23.7
Armour         | 6 10 11 12 13 14 15 16 17 18 | 18.6
Shields        | 1 7 11 16 18 19 20 | 20.0
Invocations    | 1 3 4 5 |  5.0
Dodging        | 4 |  4.5
Stealth        | |  1.5

Action                   |  1- 3 |  4- 6 |  7- 9 | 10-12 | 13-15 | 16-18 || total
-------------------------+-------+-------+-------+-------+-------+-------++-------
Melee: Mace              |    86 |    59 |       |    97 |       |       ||   242
       Headbutt          |    15 |     9 |    34 |   205 |   344 |   349 ||   956
       Flail             |       |    16 |   255 |   359 |       |       ||   630
       Punch             |       |       |     3 |     7 |       |       ||    10
       Morningstar       |       |       |       |   238 |  1139 |  1210 ||  2587
Throw: Stone             |     1 |     2 |       |       |       |       ||     3
       Dart              |       |       |     3 |    11 |    11 |     2 ||    27
Invok: Divine Shield     |       |       |       |       |       |     2 ||     2
Evoke: Wand              |       |       |       |       |     2 |       ||     2
  Use: Scroll            |     6 |     6 |     4 |    15 |     9 |     6 ||    46
       Potion            |       |       |     2 |       |     1 |     6 ||     9
 Stab: Sleeping          |     3 |     1 |     1 |       |       |       ||     5
       Distracted        |       |       |     1 |     1 |       |       ||     2
Armor: Leather armour    |     7 |       |       |       |       |       ||     7
       Robe              |     2 |       |       |       |       |       ||     2
       Ring mail         |    29 |    43 |       |       |       |       ||    72
       Scale mail        |       |       |    99 |   111 |       |       ||   210
       Plate armour      |       |       |       |   160 |   548 |   603 ||  1311
Dodge: Dodged            |    61 |    44 |   131 |   260 |   266 |   263 ||  1025
Block: Buckler           |       |       |       |    91 |   135 |       ||   226
       Kite shield       |       |       |       |       |   369 |   835 ||  1204
       Tower shield      |       |       |       |       |       |    22 ||    22

Table legend: (Time is in decaauts)
 A = Elapsed time spent in this place.
 B = Non-inter-level travel time spent in this place.
 C = Inter-level travel time spent in this place.
 D = Time resting spent in this place.
 E = Time spent auto-exploring this place.
 F = Levels seen in this place.
 G = Mean time per level.
                   A        B        C        D        E       F      G
               +--------+--------+--------+--------+--------+-----+--------+
         Total |  35003 |  33297 |   1706 |   4863 |  19702 |  34 | 1029.5 |
       Dungeon |  17756 |  16662 |   1094 |   2601 |  11436 |  14 | 1268.3 |
        Temple |    174 |     72 |    102 |      0 |     61 |   1 |  174.0 |
          Lair |   5752 |   5526 |    226 |    558 |   3813 |   5 | 1150.4 |
         Swamp |   2526 |   2482 |     44 |    280 |   1295 |   4 |  631.5 |
  Orcish Mines |   2094 |   1970 |    124 |     74 |   1053 |   2 | 1047.0 |
   Elven Halls |   5239 |   5124 |    115 |   1178 |   2009 |   3 | 1746.3 |
         Abyss |    624 |    624 |      0 |      7 |     34 |   3 |  208.0 |
      Ice Cave |    504 |    504 |      0 |    144 |      0 |   1 |  504.0 |
       Volcano |    328 |    328 |      0 |     20 |      0 |   1 |  328.0 |
               +--------+--------+--------+--------+--------+-----+--------+

Top non-repeatable levels by time:
     D:7: 2216 daAuts
   Elf:3: 2059 daAuts
     D:5: 1955 daAuts
    D:11: 1903 daAuts
   Elf:1: 1846 daAuts
  Lair:1: 1632 daAuts
    D:10: 1619 daAuts
   Orc:2: 1564 daAuts
  Lair:5: 1466 daAuts
     D:8: 1409 daAuts
   Elf:2: 1334 daAuts
     D:9: 1256 daAuts
  Lair:3: 1221 daAuts
     D:4: 1174 daAuts
     D:3: 1109 daAuts
